 Dungeon Crawl Stone Soup version 0.30-a0-23-ge60ba3568b (webtiles) character file.

Game seed: 11306098833968152028

478 AttackTheMoon the Insei (level 7, 0/69 HPs)
             Began as an Octopode Transmuter on Aug 25, 2022.
             Slain by a ball python (1 damage)
             ... in a sewer.
             The game lasted 00:09:53 (5201 turns).

AttackTheMoon the Insei (Octopode Transmuter)       Turns: 5201, Time: 00:09:54

Health: 0/69       AC:  1    Str:  9    XL:     7   Next: 11%
Magic:  10/12      EV: 11    Int: 18    God:
Gold:   189        SH:  0    Dex: 12    Spells: 10/13 levels left

rFire   . . .      SeeInvis .      - Unarmed
rCold   . . .      Faith    .    (no shield)
rNeg    . . .      Spirit   .    (helmet currently unavailable)
rPois   .          Reflect  .    e - amulet of the acrobat
rElec   .          Harm     .    (no ring)
rCorr   .          Rampage  .    (no ring)
Will    .....                    (no ring)
Stlth   ..........               (no ring)
HPRegen 0.21/turn                (no ring)
MPRegen 0.13/turn                (no ring)
                                 (no ring)
                                 (no ring)

@: berserking, lethally poisoned (0 -> -12), appendages, wereblooded,
constricted, invisible, very quick
A: tentacle spike 3, almost no armour, amphibious, 8 rings, camouflage 1,
gelatinous body 1, nimble swimmer 1, tentacles
a: End Transformation


You were in a sewer.
One of your tentacles had grown a beastly spike.
You visited 1 branch of the dungeon, and saw 5 of its levels.
You also visited: Sewer.

You collected 189 gold pieces.

Inventory:

Hand Weapons
 g - the +7 spear "Uhelesok" {elec, Str+2}
   (You found it on level 2 of the Dungeon)

   It occasionally discharges a powerful burst of electricity upon striking a
   foe.
   Str:       It affects your strength (+2).
Jewellery
 e - an amulet of the acrobat (around mantle)
Scrolls
 c - 2 scrolls of teleportation
 f - 2 scrolls of enchant weapon
 h - a scroll of silence
Potions
 a - 3 potions of lignification
 b - 7 potions of flight
 n - a potion of cancellation


   Skills:
 + Level 3.2 Fighting
 + Level 3.7 Dodging
 + Level 4.3 Unarmed Combat
 + Level 3.5 Spellcasting
 + Level 3.6 Transmutations


You had 10 spell levels left.
You knew the following spells:

 Your Spells              Type           Power      Damage    Failure   Level
a - Beastly Appendage     Tmut           32%        N/A       3%          1
b - Wereblood             Tmut           16%        N/A       5%          2

Your spell library contained the following spells:

 Spells                   Type           Power      Damage    Failure   Level
 Apportation              Tloc           6%         N/A       16%         1
 Necrotise                Necr           12%        1d4       16%         1
 Summon Small Mammal      Summ           12%        N/A       16%         1
 Spider Form              Tmut/Pois      9%         N/A       22%         3
 Portal Projectile        Hex/Tloc       6%         N/A       43%         3
 Tukima's Dance           Hex            3%         N/A       43%         3
 Ice Form                 Ice/Tmut       9%         N/A       58%         4
 Blade Hands              Tmut           8%         N/A       67%         5
 Chain Lightning          Conj/Air       1%         3d2       100%        9
 Fire Storm               Conj/Fire      1%         8d1       100%        9
 Shatter                  Erth           1%         3d6*      100%        9


Dungeon Overview and Level Annotations

Branches:
Dungeon (5/15)              Sewer (1/1)
 Temple: D:4-7

Altars:
Dithmenos
Trog

Shops:
D:2 (   D:3 *   D:4 [


Innate Abilities, Weirdness & Mutations

One of your tentacles has grown a beastly spike.
You cannot wear most types of armour.
You are amphibious.
You can wear up to eight rings at the same time.
Your skin changes colour to match your surroundings (Stealth+).
Your rubbery body absorbs attacks. (AC +1, EV +1)
You are camouflaged when in or above water. (Stealth+)
You have tentacles for arms and can constrict up to eight enemies at once.


Message History

The ball python bites you. The adder barely misses you.
The ball python bites you. x2; The ball python constricts you.
A red film seems to cover your vision as you go berserk!
You feel yourself moving faster!
You feel mighty!
You feel sick.
The ball python barely misses you. x2; The adder bites you.
* * * LOW HITPOINT WARNING * * *
You are more poisoned.
The adder poisons you! The ball python misses you.
The ball python bites you but does no damage.
The ball python constricts you.
* * * LOW HITPOINT WARNING * * *
The ball python closely misses you. The adder bites you.
* * * LOW HITPOINT WARNING * * *
You are lethally poisoned!
The adder poisons you!
The ball python bites you but does no damage.
You tentacle-slap the adder. Your grab misses the adder.
The adder is almost dead.
* * * LOW HITPOINT WARNING * * *
You feel sick. The ball python barely misses you.
Unknown command.
You barely miss the adder. Your grab misses the adder.
Your squeeze misses the adder.
The adder is almost dead.
* * * LOW HITPOINT WARNING * * *
You feel sick. The adder bites you.
* * * LOW HITPOINT WARNING * * *
You are more poisoned.
The adder poisons you! The ball python closely misses you.
The ball python constricts you.
* * * LOW HITPOINT WARNING * * *
The ball python bites you.
* * * LOW HITPOINT WARNING * * *
The ball python closely misses you. The ball python bites you.
* * * LOW HITPOINT WARNING * * *
You bludgeon the adder!
You feel a bit better.
You kill the adder!
* * * LOW HITPOINT WARNING * * *
You feel sick. The ball python bites you.
You die...

# ..# ##~≈≈≈≈≈≈≈ ##~~#
#.## #~~~≈≈≈≈≈≈≈≈ ..~≈#
#..###~~~~≈≈≈≈≈≈≈
########..#~~~~~~~~≈≈≈≈≈
≈≈≈≈≈≈≈~~~†~~~~~~~~~≈≈≈≈
########..#~~~~~~~~≈≈≈≈≈
# #.†###~r~~≈≈≈≈≈≈≈ #..#
#.~~†S≈≈≈≈≈≈ #..#
#.~S@S≈≈≈≈≈≈ ####
#.~~≈S≈≈≈≈≈≈
+.~≈≈≈≈≈≈≈≈≈
#~≈≈≈≈≈≈≈≈≈≈
≈≈≈≈≈≈≈≈≈≈≈≈≈
≈≈≈≈≈≈≈≈≈≈≈≈≈≈
≈≈≈≈≈≈≈≈≈≈≈≈≈≈≈
###############


You could see 4 ball pythons and a rat.

Vanquished Creatures
  A bullfrog (D:5)
  A hound (D:4)
  Natasha (thrice) (D:2)
  A merfolk avatar (Sewer)
  A merfolk siren (Sewer)
  Robin (D:2)
  11 adders
  4 river rats
  2 worms
  A dart slug (D:1)
  14 ball pythons
  4 bats
  6 endoplasms
  5 giant cockroaches
  21 goblins
  9 hobgoblins
  9 kobolds
  5 quokkas
  8 frilled lizards
  29 rats
136 creatures vanquished.

Vanquished Creatures (others)
  2 plants (D:5)
2 creatures vanquished.

Grand Total: 138 creatures vanquished

Notes
Turn   | Place    | Note
-------+----------+-------------------------------------------
     0 | D:1      | AttackTheMoon the Octopode Transmuter began the quest for
                  | the Orb.
     0 | D:1      | Reached XP level 1. HP: 13/13 MP: 3/3
    56 | D:1      | Reached XP level 2. HP: 1/18 MP: 5/5
  1303 | D:2      | Noticed Robin
  1315 | D:3      | Reached XP level 3. HP: 21/23 MP: 6/6
  1335 | D:3      | Learned a level 2 spell: Wereblood
  1342 | D:2      | HP: 1/23 [goblin/+0 club[Robin] (4)]
  1348 | D:2      | HP: 1/23 [goblin/+0 club[Robin] (5)]
  1355 | D:2      | Killed Robin
  1664 | D:2      | Reached XP level 4. HP: 23/29 MP: 4/7
  1921 | D:2      | Noticed Natasha
  1926 | D:2      | Killed Natasha
  2015 | D:2      | Found Vuifexol's Weapon Emporium.
  2020 | D:2      | Identified the +7 spear "Uhelesok" {elec, Str+2}
  2035 | D:2      | Noticed Natasha
  2047 | D:2      | Killed Natasha
  2048 | D:2      | Reached XP level 5. HP: 11/34 MP: 6/9
  2231 | D:2      | You fall into a shaft and drop 2 floors!
  2381 | D:3      | Found a shadowy altar of Dithmenos.
  2438 | D:3      | Found a faded altar of an unknown god.
  2632 | D:3      | Found Coryhourr's Assorted Antiques.
  3194 | D:2      | Noticed Natasha
  3203 | D:2      | Killed Natasha
  3498 | D:4      | Reached XP level 6. HP: 29/41 MP: 8/10
  3823 | D:4      | Found Qafuk's Armour Shoppe.
  3829 | D:4      | Reached skill level 4 in Unarmed Combat
  4764 | D:4      | Found a bloodstained altar of Trog.
  4769 | D:4      | Identified the +3 chain mail of the Ten Scars {*Corrode
                  | rN+++ Dex+4 Stlth-}
  4844 | D:5      | Entered Level 5 of the Dungeon
  4870 | D:5      | Found a glowing drain.
  4889 | Sewer    | Entered a sewer
  5076 | Sewer    | Reached XP level 7. HP: 44/46 MP: 9/12
  5200 | Sewer    | HP: 2/69 [ball python (3)]
  5201 | Sewer    | Slain by a ball python

Illustrated notes

Levels and vault maps discovered:
D:1:      giann_forest_graveyard, layout_basic
D:2:      layout_basic, serial_shops, shop, uniq_natasha, uniq_robin
D:3:      layout_basic, marbit_many_paths, serial_shops, shop_statue,
          hellmonk_ecumenical_altar_leap_of_faith
D:4:      layout_basic, lightli_temple_of_fire, serial_shops, shop
D:5:      layout_rooms, lemuel_tele_altar, portal_sewer_entry_c,
          serial_bayou_pond_a
Sewer:    sewer_sea

Skill      XL: |  1  2  3  4  5  6 |
---------------+-------------------+-----
Fighting       | 2 3 |  3.2
Dodging        | 3 |  3.7
Spellcasting   | 3 |  3.5
Transmutations | 3 |  3.6
Unarmed Combat | 4 |  4.3

Action                   |  1- 3 |  4- 6 |  7- 9 || total
-------------------------+-------+-------+-------++-------
Melee: Unarmed           |    69 |   160 |    25 ||   254
       Kick              |    21 |    41 |     7 ||    69
       Constrict         |    22 |    44 |     5 ||    71
       Tentacles         |    15 |    30 |     2 ||    47
       Punch             |       |     6 |       ||     6
 Cast: Beastly Appendage |    20 |    36 |     3 ||    59
       Wereblood         |     2 |    13 |     2 ||    17
  Use: Scroll            |     5 |     7 |     1 ||    13
       Potion            |     1 |     2 |     3 ||     6
 Stab: Sleeping          |     1 |     8 |       ||     9
Armor: Skin              |     9 |    14 |     9 ||    32
Dodge: Dodged            |    57 |    94 |    39 ||   190

Table legend: (Time is in decaauts)
 A = Elapsed time spent in this place.
 B = Non-inter-level travel time spent in this place.
 C = Inter-level travel time spent in this place.
 D = Time resting spent in this place.
 E = Time spent auto-exploring this place.
 F = Levels seen in this place.
 G = Mean time per level.
                   A        B        C        D        E       F      G
               +--------+--------+--------+--------+--------+-----+--------+
         Total |   5148 |   4877 |    271 |    323 |   3810 |   6 |  858.0 |
       Dungeon |   4858 |   4587 |    271 |    323 |   3648 |   5 |  971.6 |
         Sewer |    289 |    289 |      0 |      0 |    161 |   1 |  289.0 |
               +--------+--------+--------+--------+--------+-----+--------+

Top non-repeatable levels by time:
     D:4: 1493 daAuts
     D:1: 1254 daAuts
     D:2: 1130 daAuts
     D:3: 936 daAuts
   Sewer: 289 daAuts
     D:5: 43 daAuts
